 Dungeon Crawl Stone Soup version 0.23-a0-470-g6f7cfd9 (webtiles) character file.

113 rz the Vandal (level 5, -6/35 HPs)
             Began as a Halfling Hunter on Nov 26, 2018.
             Killed from afar by Sigmund (8 damage)
             ... with a wand of flame (10)
             ... on level 3 of the Dungeon.
             The game lasted 00:05:25 (1542 turns).

rz the Vandal (Halfling Hunter)                     Turns: 1542, Time: 00:05:26

Health: -6/35      AC:  4    Str: 13    XL:     5   Next: 17%
Magic:  5/5        EV: 15    Int:  9    God:
Gold:   229        SH:  0    Dex: 16    Spells: 4/4 levels left

rFire    . . .     SeeInvis .   a - +1 hunting sling
rCold    . . .     Gourm    .   (shield restricted)
rNeg     . . .     Faith    .   c - +0 leather armour
rPois    .         Spirit   .   (no helmet)
rElec    .         Reflect  .   l - +0 cloak
rCorr    .         Harm     .   (no gloves)
MR       .....                  (no boots)
Stlth    ++........             (no amulet)
HPRegen  0.11/turn              (no ring)
MPRegen  0.09/turn              (no ring)

@: no status effects
A: small, mutation resistance 1
a: no special abilities


You were on level 3 of the Dungeon.
You were not hungry.

You visited 1 branch of the dungeon, and saw 3 of its levels.

You collected 229 gold pieces.

Inventory:

Hand Weapons
 a - a +1 hunting sling (weapon)
 b - a +0 short sword
 j - a +0 dagger
Missiles
 i - 66 stones (quivered)
Armour
 c - a +0 leather armour (worn)
 l - a +0 cloak (worn)
Jewellery
 h - a cursed ring of attention {unknown}
 v - an uncursed ring of wizardry {unknown}
Scrolls
 k - 2 scrolls of identify {unknown}
 o - a scroll of magic mapping {unknown}
 p - 2 scrolls of amnesia {unknown}
 r - 2 scrolls of enchant armour {unknown}
 t - a scroll of random uselessness {unknown}
Potions
 e - 2 potions of mutation {unknown}
 m - a potion of brilliance {unknown}
 n - a potion of cancellation {unknown}
 q - a potion of flight {unknown}
 s - a potion of ambrosia {unknown}
 u - a potion of haste {unknown}
 w - a potion of curing {unknown}
Comestibles
 f - 7 rations
 g - 2 chunks of flesh


   Skills:
 + Level 2.6 Fighting
 + Level 6.7 Slings
 + Level 3.3 Dodging
 + Level 2.7 Stealth


You had 4 spell levels left.
You didn't know any spells.
Your spell library was empty.

Dungeon Overview and Level Annotations

Branches:
Dungeon (3/15)

Altars:
Elyvilon

Annotations:
D:3 Sigmund


Innate Abilities, Weirdness & Mutations

You are small and have problems with some larger weapons.
You are somewhat resistant to further mutation.


Message History

You are confused.
You are too confused!
You are too confused!
You are too confused!
Sigmund casts a spell at you. The puff of flame hits you!
Sigmund hits you from afar with a +0 scythe!
You are too injured to fight recklessly!
You bump into the rock wall.
Sigmund zaps a wand.
The puff of flame hits you!
You bump into the rock wall.
Sigmund zaps a wand.
The puff of flame hits you!
* * * LOW HITPOINT WARNING * * *
A goblin comes into view. It is wielding a +0 dagger.
Sigmund misses you.
You feel less confused.
Sigmund zaps a wand.
The puff of flame hits you!
* * * LOW HITPOINT WARNING * * *
A leopard gecko comes into view.
The leopard gecko hisses angrily.
Sigmund zaps a wand.
The puff of flame hits you!
You die...

.. ## .# # #.. ...# ##..
## #.#.# ((... .. .....
#...#####.# #.#.#
#.l.....# ###.#.# #.#.@#
#.....#
#.#..##########...<.#
#.........<.........#
#.#..#####.##.###...#
.#.#.@...........# #>#.#
#....(.....###..#.###.#.#
#....g..(#.# #..........#
#>#..##.##.# #.####.#####
# #.# #.##.###)# #.#


You could see Sigmund, a leopard gecko and a goblin (wandering).

Vanquished Creatures
  4 adders (D:2)
  2 oozes
  A worm (D:2)
  3 dart slugs (D:1)
  2 leopard geckos
  10 bats
  4 giant cockroaches (D:2)
  7 hobgoblins
  7 kobolds
  A quokka (D:2)
  5 frilled lizards
  8 goblins
  3 rats (D:2)
57 creatures vanquished.

Notes
Turn   | Place    | Note
-------+----------+-------------------------------------------
     0 | D:1      | rz the Halfling Hunter began the quest for the Orb.
     0 | D:1      | Reached XP level 1. HP: 14/14 MP: 1/1
   106 | D:1      | Reached skill level 6 in Slings
   106 | D:1      | Reached XP level 2. HP: 19/19 MP: 2/2
   171 | D:1      | Reached XP level 3. HP: 20/24 MP: 3/3
   683 | D:2      | Reached XP level 4. HP: 28/30 MP: 4/4
  1148 | D:2      | Found a white marble altar of Elyvilon.
  1386 | D:2      | Reached XP level 5. HP: 35/35 MP: 5/5
  1531 | D:3      | Noticed Sigmund
  1540 | D:3      | HP: 1/35 [Sigmund/wand of flame (11) (4)]
  1542 | D:3      | Killed from afar by Sigmund

Vault maps used:
D:1:      wheals_arrival_linesprint
D:2:      overflow_temple_1_default, first_ration,
          corexii_item_surrounded_by_moat, minmay_worlds_worst_comb
D:3:      nemelex_xobeh_ov_fountains_minmay, uniq_sigmund,
          uniq_crazy_yiuf_cottage

Skill      XL: |  1  2  3  4 |
---------------+-------------+-----
Fighting       | 2 |  2.6
Slings         | 6 |  6.7
Stealth        | 2 |  2.7
Dodging        | 3 |  3.3

Action                   |  1- 3 |  4- 6 || total
-------------------------+-------+-------++-------
Melee: Hunting sling     |     1 |       ||     1
 Fire: Hunting sling     |    87 |    71 ||   158
  Eat: Chunk             |       |     2 ||     2
Armor: Leather armour    |     7 |     6 ||    13
Dodge: Dodged            |    25 |    12 ||    37

Table legend:
 A = Non-vault XP
 B = Vault XP
 C = Vault XP percentage of total XP
 D = Non-vault monster count
 E = Vault monster count
 F = Vault count percentage of total count
                 A         B        C        D         E       F
            +---------+---------+-------+---------+---------+-------
      Total |     154 |       8 |   4.9 |      53 |       4 |   7.0
            +---------+---------+-------+---------+---------+-------
        D:1 |      60 |       0 |   0.0 |      27 |       0 |   0.0
        D:2 |      86 |       8 |   8.5 |      24 |       4 |  14.3
        D:3 |       8 |       0 |   0.0 |       2 |       0 |   0.0
            +---------+---------+-------+---------+---------+-------
